 Dungeon Crawl Stone Soup version 0.22-a0-525-gf69a0803ab (webtiles) character file.

41 Anathary the Sneak (level 3, 0/24 HPs)
             Began as an Octopode Assassin on June 21, 2018.
             Slain by a rat (1 damage)
             ... on level 3 of the Dungeon.
             The game lasted 00:04:29 (1541 turns).

Anathary the Sneak (Octopode Assassin)              Turns: 1541, Time: 00:04:30

Health: 0/24       AC:  1    Str: 10    XL:     3   Next: 52%
Magic:  3/3        EV: 13    Int: 13    God:
Gold:   71         SH:  0    Dex: 14    Spells: 2/2 levels left

rFire    . . .     SeeInvis .   a - +2 dagger
rCold    . . .     Gourm    .   (no shield)
rNeg     . . .     Faith    .   (helmet restricted)
rPois    .         Spirit   .   (no amulet)
rElec    .         Reflect  .   (no ring)
rCorr    .         Harm     .   (no ring)
MR       .....                  (no ring)
Stlth    ++++......             (no ring)
HPRegen  0.08/turn              (no ring)
MPRegen  0.08/turn              (no ring)
                                (no ring)
                                (no ring)

@: no status effects
A: almost no armour, stealthy swim, amphibious, 8 rings, constrict 8, camouflage
1, gelatinous body 1
a: no special abilities


You were on level 3 of the Dungeon.
You were not hungry.

You visited 1 branch of the dungeon, and saw 3 of its levels.

You collected 71 gold pieces.

Inventory:

Hand Weapons
 a - a +2 dagger (weapon)
 b - a +0 blowgun
Missiles
 c - 8 poisoned needles
 d - 2 curare-tipped needles
Jewellery
 j - a +4 ring of slaying {unknown}
Scrolls
 e - a scroll of fog {unknown}
 h - a scroll of enchant armour {unknown}
 k - 2 scrolls of identify {unknown}
 l - a scroll of teleportation {unknown}
 m - a scroll of remove curse {unknown}
Potions
 g - a potion of cancellation {unknown}
 i - 2 potions of curing {unknown}
 n - a potion of heal wounds {unknown}
 o - a potion of lignification {unknown}
Comestibles
 f - 2 rations


   Skills:
 + Level 2.0 Fighting
 + Level 2.7 Short Blades
 - Level 2.0 Throwing
 + Level 1.0 Dodging
 * Level 6.5 Stealth


You had 2 spell levels left.
You didn't know any spells.
Your spell library was empty.

Dungeon Overview and Level Annotations

Branches:
Dungeon (3/15)

Altars:
Trog
Vehumet


Innate Abilities, Weirdness & Mutations

You cannot wear most types of armour.
You are very stealthy in the water. (Stealth+)
You are amphibious.
You can wear up to eight rings at the same time.
You can use your tentacles to constrict eight enemies at once.
Your skin changes colour to match your surroundings (Stealth+).
Your rubbery body absorbs attacks. (AC +1, EV +1)


Message History

You constrict the orc.
You kill the orc!
You constrict the orc, but do no damage.
The orc misses you. The orc hits you with a flail!
* * * LOW HITPOINT WARNING * * *
The goblin hits you.
* * * LOW HITPOINT WARNING * * *
The rat misses you. The rat bites you.
* * * LOW HITPOINT WARNING * * *
You closely miss the goblin. You grab the goblin.
The goblin is moderately wounded.
You constrict the orc.
You constrict the goblin, but do no damage.
The orc barely misses you.
You barely miss the orc. You grab the orc.
The orc is moderately wounded.
You constrict the orc. x2
You kill the orc!
You constrict the goblin. The goblin barely misses you. The rat bites you.
You die...

.......#.
.........
........#####
#..........#
#.........#
#.........#
#...[)†r.#
#...<.@o.#
##.##)gr.# #
#.........
........>...
.............
###...........
##..........
##...##...#


You could see an orc, a goblin and 2 rats.

Vanquished Creatures
  An adder (D:2)
  3 orcs (D:3)
  4 bats (D:2)
  A giant cockroach (D:2)
  3 goblins
  4 hobgoblins
  2 jackals (D:2)
  A ball python (D:1)
  A frilled lizard (D:2)
  2 kobolds (D:1)
  5 rats
27 creatures vanquished.

Vanquished Creatures (others)
  2 goblins (D:2)
2 creatures vanquished.

Grand Total: 29 creatures vanquished

Notes
Turn   | Place    | Note
-------+----------+-------------------------------------------
     0 | D:1      | Anathary the Octopode Assassin began the quest for the Orb.
     0 | D:1      | Reached XP level 1. HP: 14/14 MP: 1/1
   469 | D:1      | Reached XP level 2. HP: 14/19 MP: 2/2
   920 | D:2      | Found a bloodstained altar of Trog.
   935 | D:2      | Reached skill level 6 in Stealth
  1047 | D:2      | Found a radiant altar of Vehumet.
  1082 | D:2      | Reached XP level 3. HP: 24/24 MP: 3/3
  1539 | D:3      | HP: 1/24 [rat (3)]
  1541 | D:3      | Slain by a rat

Vault maps used:
D:1:      ncdulo_smallfort, glass_columns_a, minmay_misc_feat_roman
D:2:      fiery_altar_vehumet, overflow_temple_1_default
D:3:      demons_altar, minmay_misc_feat_rugged

Skill      XL: |  1  2 |
---------------+-------+-----
Stealth        | 6 |  6.5
Fighting       | |  2.0
Short Blades   | |  2.7
Throwing       | |  2.0
Dodging        | |  1.0

Action                   || total
-------------------------++-------
Melee: Dagger            ||    49
       Tentacles         ||     8
       Constrict         ||    12
 Stab: Sleeping          ||    11
  Eat: Ration            ||     1
       Chunk             ||     1
Armor: Skin              ||     3
Dodge: Dodged            ||    32

Table legend:
 A = Spawn XP
 B = Non-spawn XP
 C = Spawn XP percentage of total XP
 D = Spawn monster count
 E = Non-spawn monster count
 F = Spawn count percentage of total count
 G = Total turns spent on level
                    A         B        C        D         E        F      G
               +---------+---------+-------+---------+---------+-------+---------
         Total |       0 |      59 |   0.0 |       0 |      27 |   0.0 |  1541
               +---------+---------+-------+---------+---------+-------+---------
           D:1 |       0 |      15 |   0.0 |       0 |      10 |   0.0 |   907
           D:2 |       0 |      35 |   0.0 |       0 |      14 |   0.0 |   624
           D:3 |       0 |       9 |   0.0 |       0 |       3 |   0.0 |    10
               +---------+---------+-------+---------+---------+-------+---------
